 Dungeon Crawl Stone Soup version 0.31-a0-214-gb37851dbb3 (webtiles) character file.

Game seed: 1791657124977445245

45 qw the Shooter (level 3, -5/21 HPs)
             Began as a Gargoyle Hexslinger on July 1, 2023.
             Slain by Terence
             ... wielding a +0 flail
              (7 damage)
             ... on level 2 of the Dungeon.
             The game lasted 00:00:28 (845 turns).

qw the Shooter (Gargoyle Hexslinger)                 Turns: 845, Time: 00:00:28

Health: -5/21      AC:  6    Str: 11    XL:     3   Next: 64%
Magic:  4/4        EV: 11    Int: 13    God:
Gold:   31         SH:  0    Dex: 14    Spells: 3/4 levels left

rFire   . . .        Y - +2 sling
rCold   . . .        (no shield)
rNeg    + . .        f - +0 leather armour
rPois   inf          (no helmet)
rElec   +            (no cloak)
rCorr   .            (no gloves)
SInv    .            (no boots)
Will    .....        (no amulet)
Stlth   +            (no ring)
HPRegen 0.23/turn    (no ring)
MPRegen 0.09/turn

%: no passive effects
@: no status effects
A: sickness immunity, AC +3, negative energy resistance 1, electricity
resistance, torment resistance 1, petrification resistance
a: no special abilities


You were on level 2 of the Dungeon.
You visited 1 branch of the dungeon, and saw 2 of its levels.

You collected 31 gold pieces.


Innate Abilities, Weirdness & Mutations

You are immune to sickness and miasma.
Your stone body is resilient. (AC +3)
You are immune to poison.
You resist negative energy. (rN+)
You are resistant to electric shocks. (rElec)
You are resistant to unholy torment.
You are immune to petrification.


   Skills:
 - Level 2.0 Fighting
 + Level 3.5 Ranged Weapons
 - Level 1.5 Dodging
 - Level 1.0 Spellcasting
 - Level 2.6 Hexes


You had 3 spell levels left.
You knew the following spells:

 Your Spells              Type           Power      Damage    Failure   Level
a - Slow                  Hex            28%        N/A       12%         1

Your spell library contained the following spells:

 Spells                   Type           Power      Damage    Failure   Level
 Inner Flame              Hex/Fire       4%         N/A       54%         3
 Portal Projectile        Hex/Tloc       8%         N/A       54%         3
 Cause Fear               Hex            3%         N/A       77%         4

Inventory:

Hand Weapons
 Y - a +2 sling (weapon)
Armour
 f - a +0 leather armour (worn)
Scrolls
 a - a scroll of identify
Potions
 b - a potion of attraction {unknown}

Dungeon Overview and Level Annotations

Branches:
Dungeon (2/15)

Altars:

Annotations:
D:2 Terence


Message History

You shoot a sling bullet. The sling bullet misses the adder.
You shoot a sling bullet. The sling bullet hits the adder.
The adder is moderately wounded.
You shoot a sling bullet. The sling bullet hits the adder!
You kill the adder!
Terence the Incautious comes into view.
He is wielding a +0 flail.
Terence shouts!
An adder comes into view.
An endoplasm comes into view.
You shoot a sling bullet. The adder hisses angrily.
The sling bullet hits Terence!
Terence is moderately wounded.
You shoot a sling bullet. The sling bullet barely misses Terence.
An adder comes into view.
An endoplasm comes into view.
Terence drinks a potion.
Terence seems to grow stronger.
The adder moves out of view.
You shoot a sling bullet. The endoplasm quivers.
The sling bullet hits Terence but does no damage.
Terence is moderately wounded.
The endoplasm jiggles.
Terence barely misses you.
You shoot a sling bullet.
The sling bullet hits Terence but does no damage.
Terence is moderately wounded.
Terence barely misses you.
You shoot a sling bullet.
The sling bullet closely misses Terence.
The adder closely misses you. Terence barely misses you.
You shoot a sling bullet.
The sling bullet hits Terence but does no damage.
Terence is moderately wounded.
The adder bites you. Terence barely misses you.
The adder bites you but does no damage.
You shoot a sling bullet. The sling bullet barely misses Terence.
The sling bullet barely misses the endoplasm.
Terence hits you with a +0 flail!
Ouch! That really hurt!
The adder bites you. Terence hits you with a +0 flail!
You die...

.# .########.#
..........#
..........
.........#
.......J.#
.S...J@S.#
#....... #@#
#......# #.#
#......# #.#
#......# #.#
#......# #.#
#......# #.#
#......# #.#
###......#######.#
.................#


You could see Terence (strong), 2 adders and 2 endoplasms.

Vanquished Creatures
  An adder (D:2)
  4 endoplasms (D:1)
  A giant cockroach (D:1)
  3 goblins (D:1)
  3 hobgoblins (D:1)
  2 jackals (D:1)
  2 kobolds (D:1)
  A quokka (D:1)
  7 ball pythons
  4 bats (D:1)
  2 frilled lizards (D:1)
  3 rats (D:1)
33 creatures vanquished.

Notes
Turn   | Place    | Note
-------+----------+-------------------------------------------
     0 | D:1      | qw the Gargoyle Hexslinger began the quest for the Orb.
     0 | D:1      | Reached XP level 1. HP: 12/12 MP: 2/2
     0 | D:1      | 0 ||| qw: Version: 0.3-a-32-g5962c71
     0 | D:1      | 0 ||| qw: Game counter: 7383
     0 | D:1      | 0 ||| qw: Melee chars always use a shield: true
     0 | D:1      | 0 ||| qw: God list: Okawaru
     0 | D:1      | 0 ||| qw: Allow faded altars: false
     0 | D:1      | 0 ||| qw: Do Orc after clearing Dungeon:15 true
     0 | D:1      | 0 ||| qw: Do second Lair branch before Depths: true
     0 | D:1      | 0 ||| qw: Lair rune preference: random
     0 | D:1      | 0 ||| qw: Goals: Normal
     0 | D:1      | 0 ||| PLANNING D:1-11
    82 | D:1      | Reached XP level 2. HP: 16/16 MP: 3/3
   180 | D:1      | Reached skill level 3 in Ranged Weapons
   192 | D:1      | HP: 3/16 [endoplasm (3)]
   197 | D:1      | HP: 3/16 [bat (1)]
   202 | D:1      | HP: 1/16 [hobgoblin (1)]
   291 | D:1      | Reached XP level 3. HP: 21/21 MP: 4/4
   752 | D:1      | 752 ||| UPGRADING to +0 leather armour.
   762 | D:1      | 762 ||| DROPPING +0 robe.
   763 | D:1      | 763 ||| READING 2 scrolls labelled INKEGY CUSCHUOS.
   764 | D:1      | 764 ||| READING scroll labelled DACEMU BAHIMIL.
   765 | D:1      | 765 ||| READING scroll labelled MEMISU WEUHI.
   766 | D:1      | 766 ||| READING scroll labelled ZOSU CUHYU.
   767 | D:1      | 767 ||| DROPPING scroll of poison.
   838 | D:2      | Noticed Terence
   845 | D:2      | HP: 4/21 [Terence/+0 flail (15)]
   845 | D:2      | Slain by Terence

Levels and vault maps discovered:
D:1:      amcnicky_arrival_flooded_fountain, layout_basic, st_stairs_4
D:2:      layout_basic, uniq_terence

Skill      XL: |  1  2 |
---------------+-------+-----
Ranged Weapons | 3 |  3.5
Fighting       | 2 |  2.0
Dodging        | |  1.5
Spellcasting   | |  1.0
Hexes          | |  2.6

Action                     || total
---------------------------++-------
   Fire: Sling             ||   147
    Use: Scroll            ||     4
 Armour: Robe              ||    46
         Leather armour    ||     1
  Dodge: Dodged            ||    98

Table legend:
 A = Non-vault XP
 B = Vault XP
 C = Vault XP percentage of total XP
 D = Non-vault monster count
 E = Vault monster count
 F = Vault count percentage of total count
                 A         B        C        D         E       F
            +---------+---------+-------+---------+---------+-------
      Total |      63 |       2 |   3.1 |      32 |       1 |   3.0
            +---------+---------+-------+---------+---------+-------
        D:1 |      49 |       2 |   3.9 |      30 |       1 |   3.2
        D:2 |      14 |       0 |   0.0 |       2 |       0 |   0.0
            +---------+---------+-------+---------+---------+-------
